[Event "ICC tourney 2533 (25 5)"]
[Site "Internet Chess Club"]
[Date "2021.04.25"]
[Round "7"]
[White "CHEN, JONAH:K09-15805266"]
[Black "SHARMA, JEENAL:K09-16875641"]
[Result "1-0"]
[ICCResult "Black forfeits on time"]
[WhiteElo "1308"]
[BlackElo "686"]
[Opening "Ruy Lopez: Caro variation"]
[ECO "C70"]
[NIC "RL.09"]
[Time "15:03:00"]
[PlyCount "103"]
[TimeControl "1500+5"]

1. e4 e5 2. Nf3 Nc6 3. Bb5 a6 4. Ba4 b5 5. Bb3 Nf6 6. O-O Bc5 7. Nxe5 Nxe5
8. d4 Bxd4 9. Qxd4 d6 10. a3 Bb7 11. Nc3 O-O 12. Bg5 h6 13. Bh4 g5 14. Bg3
Re8 15. f4 gxf4 16. Bxf4 c5 17. Qe3 Kh7 18. h3 Rg8 19. Bxh6 Rg6 20. Bg5 Qg8
21. Bxf6 Rxg2+ 22. Kh1 Rg3 23. Bxf7 Rxe3 24. Bxg8+ Kxg8 25. Rg1+ Kf8 26.
Bxe5 dxe5 27. Raf1+ Ke8 28. Rg8+ Kd7 29. Rf7+ Ke6 30. Rxa8 Bxa8 31. Ra7
Rxh3+ 32. Kg2 Rh8 33. Rxa6+ Kf7 34. Rb6 Rg8+ 35. Kf2 b4 36. axb4 cxb4 37.
Rxb4 Rg4 38. Ra4 Bc6 39. Ra7+ Ke6 40. Ra6 Kd7 41. Nd5 Bxd5 42. exd5 Rc4 43.
c3 Rc5 44. d6 Rd5 45. Ke3 Ke6 46. Ke4 Rd2 47. Rb6 Re2+ 48. Kd3 Rf2 49. c4
Rf8 50. c5 Rc8 51. b4 Rc7 52. dxc7+ { Black forfeits on time } 1-0

[Event "ICC tourney 2533 (25 5)"]
[Site "Internet Chess Club"]
[Date "2021.04.25"]
[Round "7"]
[White "BALAKRISHNAN, NAVEEN:K09-15197624"]
[Black "COLOMBO, DOMINIC:K09-14933967"]
[Result "1/2-1/2"]
[ICCResult "Game drawn by mutual agreement"]
[WhiteElo "1755"]
[BlackElo "1960"]
[Opening "Sicilian: Canal-Sokolsky (Nimzovich-Rossolimo, Moscow) attack"]
[ECO "B51"]
[NIC "SI.01"]
[Time "15:02:17"]
[PlyCount "104"]
[TimeControl "1500+5"]

1. e4 c5 2. Nf3 d6 3. Bb5+ Nd7 4. O-O a6 5. Bxd7+ Bxd7 6. c3 Bc6 7. Re1 e5
8. d4 Qc7 9. d5 Bd7 10. c4 b5 11. Nbd2 Nf6 12. b3 g6 13. Qc2 Bg7 14. Bb2
O-O 15. Nf1 Nh5 16. Ng3 Nf4 17. Ne2 Nxe2+ 18. Qxe2 Bg4 19. h3 Bxf3 20. Qxf3
f5 21. Qd3 fxe4 22. Rxe4 Qf7 23. f3 Qd7 24. Rae1 Rf7 25. Rf1 Raf8 26. Bc1
b4 27. Qc2 Rf5 28. Bd2 Qc7 29. Qd3 Qa7 30. Qc2 a5 31. Qc1 a4 32. Rfe1 axb3
33. axb3 Qa2 34. Qd1 Ra8 35. R1e2 Qa1 36. Qxa1 Rxa1+ 37. Kf2 Rb1 38. R4e3
Rf8 39. Rd3 h6 40. Re1 Rxe1 41. Kxe1 Ra8 42. Ke2 Ra2 43. g4 Bf6 44. Kf1 Kg7
45. Be3 Rh2 46. Rd2 Rxd2 47. Bxd2 Bh4 48. Ke2 Bg3 49. Kd3 Bh2 50. Ke4 Bg3
51. Be3 g5 52. Kf5 Kf7 { Game drawn by mutual agreement } 1/2-1/2

[Event "ICC tourney 2533 (25 5)"]
[Site "Internet Chess Club"]
[Date "2021.04.25"]
[Round "7"]
[White "ZHU, JENNY:K09-15942700"]
[Black "WILLIAM STONE, VINCENT:K09-15537233"]
[Result "0-1"]
[ICCResult "White forfeits on time"]
[WhiteElo "1959"]
[BlackElo "2075"]
[Opening "King's Indian: Kramer system"]
[ECO "E70"]
[NIC "KI.52"]
[Time "15:02:16"]
[PlyCount "98"]
[TimeControl "1500+5"]

1. d4 Nf6 2. c4 g6 3. Nc3 Bg7 4. e4 d6 5. Nge2 O-O 6. f3 c5 7. d5 e6 8. Ng3
exd5 9. cxd5 h5 10. Bg5 Qb6 11. Qd2 Re8 12. Be2 Nbd7 13. O-O a6 14. a4 Nh7
15. Be3 h4 16. Nh1 h3 17. g3 Ne5 18. Nf2 f5 19. a5 Qc7 20. Bh6 Bh8 21. Nxh3
fxe4 22. Ng5 exf3 23. Bxf3 Nxg5 24. Qxg5 Bh3 25. Bg2 Bxg2 26. Kxg2 Qh7 27.
Qh4 Nf7 28. Bf4 Qxh4 29. gxh4 Bd4 30. Rae1 Rad8 31. Kf3 Ne5+ 32. Kg2 Nc4
33. Rxe8+ Rxe8 34. Rb1 Rf8 35. Bg3 Nxa5 36. Ne4 Rf5 37. Nxd6 Rxd5 38. b4
cxb4 39. Rxb4 Bc5 40. Rg4 Bxd6 41. Rxg6+ Kh7 42. Rxd6 Rxd6 43. Bxd6 Nc4 44.
Bf4 b5 45. Kf2 a5 46. Ke2 a4 47. Bg5 Kg6 48. Bf4 a3 49. h5+ Kxh5 { White
forfeits on time } 0-1

[Event "ICC tourney 2533 (25 5)"]
[Site "Internet Chess Club"]
[Date "2021.04.25"]
[Round "7"]
[White "SINGH, HERSH:K09-15024326"]
[Black "MAHAJAN, RUSHAAN:K09-15449416"]
[Result "0-1"]
[ICCResult "White checkmated"]
[WhiteElo "2240"]
[BlackElo "2209"]
[Opening "Nimzo-Indian: classical variation"]
[ECO "E32"]
[NIC "NI.24"]
[Time "15:03:15"]
[PlyCount "132"]
[TimeControl "1500+5"]

1. d4 Nf6 2. c4 e6 3. Nc3 Bb4 4. Qc2 d6 5. Nf3 O-O 6. g3 b6 7. Bg2 Bb7 8.
a3 Bxc3+ 9. Qxc3 Nbd7 10. O-O c5 11. b4 Rc8 12. Bb2 Ne4 13. Qd3 d5 14. dxc5
bxc5 15. cxd5 Bxd5 16. Rac1 cxb4 17. Rxc8 Qxc8 18. axb4 Qb7 19. Qd4 f6 20.
Ra1 Nb6 21. Rc1 Rc8 22. Rxc8+ Qxc8 23. Ne1 Qb7 24. Nd3 Qc6 25. Nf4 h6 26.
Nxd5 exd5 27. Bf3 Qc2 28. Kg2 Qc4 29. h4 Kf7 30. Bxe4 dxe4 31. Qd2 Nd5 32.
Bd4 a6 33. Bc5 Kg6 34. f3 Kh7 35. Kh2 f5 36. Kg2 a5 37. Bf8 axb4 38. Qb2
Ne3+ 39. Kh2 Qc3 40. Qxb4 Qc2 41. Qb5 exf3 42. Bc5 Qxe2+ 43. Qxe2 fxe2 44.
Bb4 Nc2 45. Bc3 e1=Q 46. Bxe1 Nxe1 47. Kg1 Nd3 48. Kg2 Ne5 49. Kf2 Ng4+ 50.
Kf3 Kg6 51. Kf4 Kf6 52. Kf3 g5 53. Kg2 Ke5 54. Kf3 gxh4 55. gxh4 Nf6 56.
Kg3 Ke4 57. Kh3 Kf3 58. h5 f4 59. Kh4 Ke2 60. Kh3 f3 61. Kh4 f2 62. Kg3
f1=Q 63. Kh4 Qf4+ 64. Kh3 Qg4+ 65. Kh2 Kf2 66. Kh1 Qg2# { White checkmated
} 0-1

[Event "ICC tourney 2533 (25 5)"]
[Site "Internet Chess Club"]
[Date "2021.04.25"]
[Round "7"]
[White "HAN, JOHNNY:K09-15484292"]
[Black "ATREYA, CHARVI:K09-16816706"]
[Result "1-0"]
[ICCResult "Black forfeits on time"]
[WhiteElo "1522"]
[BlackElo "944"]
[Opening "Ruy Lopez: exchange variation"]
[ECO "C68"]
[NIC "RL.08"]
[Time "15:03:52"]
[PlyCount "89"]
[TimeControl "1500+5"]

1. e4 e5 2. Nf3 Nc6 3. Bb5 a6 4. Bxc6 bxc6 5. O-O d6 6. Nc3 Nf6 7. d4 exd4
8. Nxd4 Bd7 9. h3 h6 10. Bf4 c5 11. Nf3 Bc6 12. Re1 Be7 13. Nd5 Nxd5 14.
exd5 Bb7 15. c4 O-O 16. Qc2 Re8 17. Re2 c6 18. Rae1 cxd5 19. cxd5 Bxd5 20.
Kh2 Rb8 21. b3 Rb7 22. Rd1 Be6 23. Red2 d5 24. Ne5 Qb6 25. Nd3 a5 26. Be3
d4 27. Bf4 Bf5 28. Qc4 h5 29. f3 Be6 30. Qc2 Rc8 31. Nb2 Bd7 32. Nc4 Qa6
33. g4 hxg4 34. hxg4 Rb4 35. Kg2 a4 36. Rh1 g6 37. Re2 axb3 38. axb3 Be6
39. Be5 f5 40. Rh8+ Kf7 41. Rh7+ Ke8 42. gxf5 Bxf5 43. Qc1 Kd7 44. Bd6 Re8
45. Bxe7 { Black forfeits on time } 1-0

[Event "ICC tourney 2533 (25 5)"]
[Site "Internet Chess Club"]
[Date "2021.04.25"]
[Round "7"]
[White "WILLIAM MARVIN, MATTHEW:K09-16370802"]
[Black "XAVIER VIJAYRAM, AVNITH:K09-15728701"]
[Result "1/2-1/2"]
[ICCResult "Game drawn by repetition"]
[WhiteElo "1335"]
[BlackElo "1767"]
[Opening "QGD: exchange, positional line"]
[ECO "D35"]
[NIC "QO.16"]
[Time "15:00:48"]
[PlyCount "135"]
[TimeControl "1500+5"]

1. d4 d5 2. c4 e6 3. Nc3 Nf6 4. cxd5 exd5 5. Bg5 Nbd7 6. e3 Be7 7. Bd3 h6
8. Bh4 c6 9. Nf3 O-O 10. O-O Re8 11. Qc2 Ne4 12. Bxe7 Qxe7 13. Rfe1 Ndf6
14. Ne5 Nd6 15. b3 Nd7 16. Nxd7 Bxd7 17. Rac1 Qg5 18. Ne2 Ne4 19. Ng3 f5
20. Nf1 Nd6 21. Nd2 f4 22. Nf3 Qf6 23. Ne5 Be6 24. Qc5 Ne4 25. Bxe4 dxe4
26. Qc2 Bd5 27. exf4 Qxf4 28. Re2 Rac8 29. b4 b6 30. g3 Qf6 31. Qb2 c5 32.
bxc5 bxc5 33. Ng4 Qxd4 34. Ne3 Bf7 35. Qb7 c4 36. Rec2 a5 37. Qb5 Rc5 38.
Qa4 Rec8 39. Rc3 Qd6 40. h4 Qc6 41. Qxc6 R8xc6 42. Kf1 Kf8 43. Ke2 Rb5 44.
R1c2 a4 45. Kd1 Rb1+ 46. Rc1 Rb2 47. R1c2 a3 48. Rxa3 Rxc2 49. Kxc2 Rf6 50.
Nd1 Bh5 51. Re3 Bxd1+ 52. Kxd1 Rxf2 53. Rxe4 Rxa2 54. Rxc4 Ke7 55. Rc6 Rg2
56. Rg6 Kf7 57. h5 Rh2 58. g4 Rf2 59. Ke1 Rf6 60. Rxf6+ Kxf6 61. Kf2 Ke5
62. Ke3 Kf6 63. Kf4 Ke6 64. Ke4 Kf6 65. Kf4 Ke6 66. Ke4 Kf6 67. Kf4 Ke6 68.
Ke4 { Game drawn by repetition } 1/2-1/2

[Event "ICC tourney 2533 (25 5)"]
[Site "Internet Chess Club"]
[Date "2021.04.25"]
[Round "7"]
[White "HE, STEPHEN:K09-14726703"]
[Black "WU, WILLIAM:K09-15782241"]
[Result "0-1"]
[ICCResult "White resigns"]
[WhiteElo "2066"]
[BlackElo "1854"]
[Opening "Ruy Lopez: fianchetto (Smyslov/Barnes) defense"]
[ECO "C60"]
[NIC "RL.03"]
[Time "15:03:36"]
[PlyCount "136"]
[TimeControl "1500+5"]

1. e4 e5 2. Nf3 Nc6 3. Bb5 g6 4. Nc3 Bg7 5. d3 a6 6. Ba4 b5 7. Bb3 Nge7 8.
h4 Na5 9. Bg5 f6 10. Be3 Nxb3 11. axb3 Bb7 12. h5 Kf7 13. d4 d6 14. Qe2 Qc8
15. h6 Bf8 16. dxe5 dxe5 17. Rd1 Bc6 18. Nh2 b4 19. Qc4+ Qe6 20. Qxb4 a5
21. Qc4 Qxc4 22. bxc4 Nc8 23. Nd5 Nd6 24. b3 Nxe4 25. Nxc7 Bb4+ 26. Kf1
Rad8 27. Rc1 Bd2 28. Bxd2 Rxd2 29. Nf3 Rxf2+ 30. Kg1 Rc8 31. Rh4 Rxf3 32.
gxf3 Ng5 33. Kf2 Nxf3 34. Nb5 Bxb5 35. Kxf3 Bc6+ 36. Kf2 Rd8 37. Ke3 f5 38.
Rhh1 Bxh1 39. Rxh1 g5 40. Ra1 f4+ 41. Ke4 Kf6 42. Rxa5 Rd4+ 43. Kf3 Kf5 44.
Ra8 g4+ 45. Ke2 f3+ 46. Ke3 Re4+ 47. Kf2 Kg5 48. c5 Re2+ 49. Kf1 Rxc2 50.
Rg8+ Kf4 51. b4 Kg3 52. Ke1 f2+ 53. Kd1 f1=Q+ 54. Kxc2 Qc4+ 55. Kb2 Qxg8
56. Ka3 Qc4 57. Ka4 Kf3 58. Ka5 g3 59. c6 Qxc6 60. b5 Qxb5+ 61. Kxb5 g2 62.
Kc5 g1=Q+ 63. Kd5 e4 64. Ke6 Qg6+ 65. Ke5 Qxh6 66. Kd4 e3 67. Kd3 e2 68.
Kd4 e1=R { White resigns } 0-1

[Event "ICC tourney 2533 (25 5)"]
[Site "Internet Chess Club"]
[Date "2021.04.25"]
[Round "7"]
[White "ALEXANDER NIEUWERBURGH, PAUL:K09-15847117"]
[Black "CLEM, THOMAS:K09-15706482"]
[Result "0-1"]
[ICCResult "White checkmated"]
[WhiteElo "1496"]
[BlackElo "873"]
[Opening "Ruy Lopez: Berlin defense"]
[ECO "C65"]
[NIC "RL.07"]
[Time "15:03:27"]
[PlyCount "268"]
[TimeControl "1500+5"]

1. e4 e5 2. Nf3 Nc6 3. Bb5 Nf6 4. d3 Bc5 5. O-O O-O 6. Bxc6 dxc6 7. Nxe5
Nd7 8. Nc4 f5 9. d4 Be7 10. e5 f4 11. Nbd2 Nb6 12. Nxb6 axb6 13. c3 Be6 14.
b3 c5 15. Nf3 b5 16. Re1 Qd5 17. h3 c4 18. b4 Rad8 19. Qe2 b6 20. Qe4 Qxe4
21. Rxe4 Bd5 22. Rxf4 Rxf4 23. Bxf4 Rf8 24. Be3 c5 25. Nd2 cxb4 26. Rc1
bxc3 27. Rxc3 b4 28. Rxc4 Bxc4 29. Nxc4 b5 30. Nd6 Bxd6 31. exd6 Rd8 32.
Bf4 Kf7 33. Kf1 Ra8 34. Ke1 Rxa2 35. Bg3 b3 36. Kd1 b2 37. Kc2 b4 38. Kb1
b3 39. d5 g5 40. Be5 Ra5 41. Kxb2 Rxd5 42. Bg3 h5 43. Kxb3 h4 44. Kc4 Rf5
45. Bh2 Ke8 46. f3 Kd7 47. Kd3 Kc6 48. Ke2 Rb5 49. Kf2 Rb2+ 50. Kf1 Rb1+
51. Kf2 Rb2+ 52. Kf1 Rb3 53. Kf2 Ra3 54. Kg1 Ra2 55. Kf1 Ra3 56. Kg1 Ra2
57. Kf1 Rc2 58. Kg1 Rd2 59. Kf1 Rc2 60. Kg1 Rd2 61. Kf1 Rd5 62. Kg1 Ra5 63.
Kf1 Ra2 64. Kg1 Re2 65. Kf1 Rd2 66. Kg1 Rd5 67. Kf1 Rb5 68. Kg1 Rb2 69. Kf1
Rb7 70. Kg1 Kd5 71. Kf1 Ke6 72. Kg1 Kf5 73. Kf1 Ke6 74. Kg1 Kd5 75. Kf1 Kd4
76. Kg1 Ke3 77. Kh1 Kf2 78. Bg1+ Ke2 79. Bh2 Rb1+ 80. Bg1 Rd1 81. Kh2 Rxd6
82. Kh1 Rd1 83. Kh2 Kf1 84. Be3 Re1 85. Bxg5 Re2 86. Bxh4 Rxg2+ 87. Kh1 Ra2
88. f4 Ra3 89. Kh2 Rf3 90. Bg3 Ke2 91. h4 Ke3 92. Kh3 Ke4 93. h5 Kf5 94.
Kh4 Kf6 95. Bh2 Kg7 96. Kg5 Rh3 97. Bg1 Rg3+ 98. Kf5 Rxg1 99. Ke5 Rh1 100.
Ke6 Rxh5 101. f5 Kf8 102. Kf6 Rh6+ 103. Kg5 Rc6 104. Kf4 Kf7 105. Kg5 Rd6
106. Kf4 Kf6 107. Ke4 Ra6 108. Kd5 Ra5+ 109. Kc4 Rxf5 110. Kd4 Ke6 111. Ke4
Rd5 112. Ke3 Ke5 113. Kf3 Rd4 114. Ke3 Rh4 115. Kf3 Kd4 116. Kg3 Re4 117.
Kf3 Ke5 118. Kf2 Kf4 119. Kg2 Re3 120. Kf2 Ra3 121. Ke2 Kg3 122. Kd2 Kf3
123. Kc2 Ke3 124. Kb2 Rd3 125. Kc2 Ke2 126. Kc1 Rd2 127. Kb1 Kd3 128. Kc1
Kc3 129. Kb1 Rc2 130. Ka1 Rg2 131. Kb1 Rc2 132. Ka1 Kb3 133. Kb1 Rc6 134.
Ka1 Rc1# { White checkmated } 0-1

[Event "ICC tourney 2533 (25 5)"]
[Site "Internet Chess Club"]
[Date "2021.04.25"]
[Round "7"]
[White "PAN, KEVIN:K09-14740822"]
[Black "LANDE SHUMAN, NATHANIEL:K09-14782020"]
[Result "0-1"]
[ICCResult "White resigns"]
[WhiteElo "2260"]
[BlackElo "2133"]
[Opening "Sicilian: closed, 6.Be3"]
[ECO "B26"]
[NIC "SI.45"]
[Time "15:01:31"]
[PlyCount "192"]
[TimeControl "1500+5"]

1. e4 c5 2. Nc3 Nc6 3. g3 g6 4. Bg2 Bg7 5. d3 d6 6. Be3 e5 7. Nh3 h5 8. f4
Nd4 9. Nf2 Ne7 10. Qd2 Rb8 11. O-O h4 12. g4 h3 13. Nxh3 Bxg4 14. Ng5 f6
15. Nf3 b5 16. Rae1 Qd7 17. Nd5 Nxd5 18. exd5 Nxf3+ 19. Bxf3 Bxf3 20. Rxf3
Kf7 21. fxe5 dxe5 22. Qg2 Rbd8 23. c4 Qd6 24. Ref1 f5 25. Qf2 Rc8 26. Qg2
bxc4 27. dxc4 e4 28. R3f2 Be5 29. h3 Rce8 30. b4 Bd4 31. bxc5 Bxc5 32. Re1
Bxe3 33. Rxe3 Qe5 34. d6 Qd4 35. Qg5 Qxd6 36. Rb3 Re7 37. Qe3 Rd8 38. c5
Qd4 39. c6 Qxe3 40. Rxe3 Rd1+ 41. Kg2 Rc1 42. h4 Rxc6 43. h5 Kf6 44. hxg6
Kxg6 45. Kg3 Kg5 46. Ra3 Rec7 47. Ra5 Rc5 48. Ra6 Rc3+ 49. Kg2 f4 50. a4
Rg3+ 51. Kf1 Rc1+ 52. Ke2 e3 53. Rf1 Rxf1 54. Kxf1 f3 55. Re6 Kf4 56. Rf6+
Ke4 57. Re6+ Kd3 58. Rd6+ Kc4 59. Rc6+ Kb4 60. Re6 a5 61. Re4+ Kb3 62.
Rxe3+ Kxa4 63. Kf2 Rh3 64. Re8 Kb3 65. Re3+ Kb2 66. Re4 Rh2+ 67. Kxf3 Rc2
68. Ke3 Kb3 69. Kd3 Rc3+ 70. Kd2 Rc8 71. Re7 a4 72. Rb7+ Ka2 73. Ra7 a3 74.
Kd1 Rc4 75. Kd2 Rc8 76. Kd1 Kb2 77. Rb7+ Ka1 78. Ra7 a2 79. Kd2 Rb8 80. Kc2
Rb2+ 81. Kc1 Rb6 82. Kc2 Rc6+ 83. Kd2 Rc5 84. Rb7 Rh5 85. Kc2 Rh2+ 86. Kc1
Rh1+ 87. Kc2 Rb1 88. Ra7 Rb8 89. Kc1 Rb2 90. Ra8 Rb5 91. Kc2 Rc5+ 92. Kb3
Rb5+ 93. Kc2 Rb6 94. Ra7 Rc6+ 95. Kb3 Kb1 96. Rb7 a1=Q { White resigns }
0-1

[Event "ICC tourney 2533 (25 5)"]
[Site "Internet Chess Club"]
[Date "2021.04.25"]
[Round "7"]
[White "FRANCISCO VARELA, CARLOS:K09-16399805"]
[Black "SKY MOERLIEN, PUWIT:K09-15664335"]
[Result "1-0"]
[ICCResult "Black checkmated"]
[WhiteElo "2011"]
[BlackElo "1671"]
[Opening "Evans gambit: 5...Be7"]
[ECO "C51"]
[NIC "IG.05"]
[Time "15:02:41"]
[PlyCount "207"]
[TimeControl "1500+5"]

1. e4 e5 2. Nf3 Nc6 3. Bc4 Bc5 4. b4 Bxb4 5. c3 Be7 6. d4 d6 7. Qb3 Na5 8.
Bxf7+ Kf8 9. Qa4 Kxf7 10. Qxa5 exd4 11. cxd4 c6 12. Qxd8 Bxd8 13. Bf4 Be7
14. Nc3 Bg4 15. Nd2 Nf6 16. O-O Rhe8 17. a4 Nd7 18. Nc4 d5 19. exd5 Bb4 20.
dxc6 Bxc3 21. Nd6+ Kg8 22. cxd7 Rf8 23. Rac1 Bxd4 24. Bg3 Bxd7 25. Rc7 Be6
26. Rxb7 Bd5 27. Rd7 Be6 28. Rc7 Rad8 29. a5 h5 30. Nb5 a6 31. Nxd4 Rxd4
32. Rxg7+ Kxg7 33. Be5+ Kg6 34. Bxd4 Rf5 35. Bb6 Bc4 36. Rd1 Bb5 37. f3 Rf7
38. Rd6+ Rf6 39. Rd8 Rf5 40. Kf2 Re5 41. Rg8+ Kf7 42. Rg7+ Kxg7 43. Bd4 Kg6
44. Bxe5 Kf5 45. Bc7 Bc6 46. Kg3 Bd5 47. Kh4 Bf7 48. g4+ hxg4 49. fxg4+ Kg6
50. Kg3 Bb3 51. h4 Bd1 52. h5+ Kh7 53. Kh4 Bc2 54. g5 Bd3 55. Be5 Bc2 56.
Bf4 Bd3 57. Kg3 Be2 58. g6+ Kg7 59. Kh4 Kf6 60. Bc7 Bd3 61. Bd8+ Kf5 62.
Be7 Ke6 63. Bc5 Kf6 64. Bd4+ Kf5 65. Bg7 Bc4 66. Bd4 Bd3 67. Bc3 Bc2 68.
Bb2 Bd3 69. Bc3 Bc2 70. Bb4 Kf6 71. Bc3+ Kf5 72. Bd4 Bd3 73. Bc5 Kf6 74.
Bd4+ Kf5 75. Bg7 Bc4 76. Bf8 Kf6 77. g7 Kf7 78. Kg5 Bd3 79. h6 Bc2 80. Bc5
Bd3 81. Kf4 Bc2 82. Ke5 Kg8 83. Be3 Kf7 84. Kd6 Bd3 85. Bd4 Bc2 86. Kc6 Kg8
87. Kb6 Bd3 88. Kc7 Bc2 89. Kd7 Kf7 90. Kd6 Bd3 91. Kc5 Bc2 92. Kb6 Bd3 93.
h7 Bxh7 94. Kxa6 Ke7 95. Kb7 Be4+ 96. Kb8 Bd5 97. a6 Kd7 98. a7 Ke7 99.
g8=Q Bxg8 100. a8=Q Be6 101. Qa7+ Bd7 102. Qc5+ Kd8 103. Bf6+ Ke8 104. Qe7#
{ Black checkmated } 1-0

[Event "ICC tourney 2533 (25 5)"]
[Site "Internet Chess Club"]
[Date "2021.04.25"]
[Round "8"]
[White "CASTLE, CHASE:K09-30017074"]
[Black "MUKHERJEE, ABHIRUP:K09-17149023"]
[Result "0-1"]
[ICCResult "White checkmated"]
[WhiteElo "1111"]
[BlackElo "672"]
[Opening "Four knights: Spanish, classical defense"]
[ECO "C48"]
[NIC "KP.03"]
[Time "17:02:21"]
[PlyCount "22"]
[TimeControl "1500+5"]

1. e4 e5 2. Nf3 Nc6 3. Bb5 Nf6 4. Nc3 Bc5 5. Bxc6 dxc6 6. O-O Bg4 7. h3 h5
8. hxg4 hxg4 9. Nxe5 Nd5 10. exd5 Qh4 11. d4 Qh1# { White checkmated } 0-1

[Event "ICC tourney 2533 (25 5)"]
[Site "Internet Chess Club"]
[Date "2021.04.25"]
[Round "8"]
[White "AMERINENI, SUNKRITH:K09-17355682"]
[Black "HAUSER, EVAN:K09-16622553"]
[Result "0-1"]
[ICCResult "White resigns"]
[WhiteElo "629"]
[BlackElo "1231"]
[Opening "French: advance variation"]
[ECO "C02"]
[NIC "FR.03"]
[Time "17:00:39"]
[PlyCount "44"]
[TimeControl "1500+5"]

1. e4 e6 2. d4 d5 3. e5 c5 4. c3 Nc6 5. Bb5 Bd7 6. Nf3 Nge7 7. Bf4 Nf5 8.
O-O Be7 9. Re1 O-O 10. Bd3 Qb6 11. Qb3 Qxb3 12. axb3 cxd4 13. Bxf5 exf5 14.
cxd4 Be6 15. Nc3 Bb4 16. Ng5 h6 17. Nxe6 fxe6 18. h4 Rfc8 19. Rec1 Nxd4 20.
Ra4 Bxc3 21. bxc3 Ne2+ 22. Kf1 Nxc1 { White resigns } 0-1

[Event "ICC tourney 2533 (25 5)"]
[Site "Internet Chess Club"]
[Date "2021.04.25"]
[Round "8"]
[White "MARIAN, AARON:K09-15799497"]
[Black "WANG, OLLI:K09-17042860"]
[Result "1-0"]
[ICCResult "Black checkmated"]
[WhiteElo "1400"]
[BlackElo "958"]
[Opening "Caro-Kann: classical, 6.h4"]
[ECO "B19"]
[NIC "CK.11"]
[Time "17:01:34"]
[PlyCount "27"]
[TimeControl "1500+5"]

1. e4 c6 2. d4 d5 3. Nc3 dxe4 4. Nxe4 Bf5 5. Ng3 Bg6 6. h4 h6 7. Nf3 Nf6 8.
Ne5 Bh7 9. Bc4 e6 10. Bd2 c5 11. Bb5+ Nbd7 12. Qf3 a6 13. Bxd7+ Nxd7 14.
Qxf7# { Black checkmated } 1-0

[Event "ICC tourney 2533 (25 5)"]
[Site "Internet Chess Club"]
[Date "2021.04.25"]
[Round "8"]
[White "GUERRERIO, CHRISTOPHER:K09-16206065"]
[Black "SRI VELVADAPU, RENESH:K09-16880588"]
[Result "1-0"]
[ICCResult "Black resigns"]
[WhiteElo "530"]
[BlackElo "960"]
[Opening "QGA: 3.e4"]
[ECO "D20"]
[NIC "QG.04"]
[Time "17:02:23"]
[PlyCount "34"]
[TimeControl "1500+5"]

1. d4 d5 2. c4 dxc4 3. e4 Nf6 4. Nc3 e6 5. a3 Nc6 6. Nf3 b5 7. Nxb5 a6 8.
Nc3 Bd6 9. e5 Bxe5 10. dxe5 Qxd1+ 11. Nxd1 Ng4 12. Bxc4 O-O 13. O-O Rd8 14.
Nc3 h6 15. Bf4 Rb8 16. b4 g6 17. h3 Nxf2 { Black resigns } 1-0

[Event "ICC tourney 2533 (25 5)"]
[Site "Internet Chess Club"]
[Date "2021.04.25"]
[Round "8"]
[White "LIU, BOWEN:K09-15459900"]
[Black "VIJAY HIMAGHNA SISTA, SAI:K09-17280467"]
[Result "1-0"]
[ICCResult "Black resigns"]
[WhiteElo "1941"]
[BlackElo "435"]
[Opening "Sicilian: Nimzovich-Rossolimo attack (with ...g6, without ...d6)"]
[ECO "B31"]
[NIC "SI.31"]
[Time "17:00:41"]
[PlyCount "43"]
[TimeControl "1500+5"]

1. e4 c5 2. Nf3 Nc6 3. Bb5 g6 4. O-O Bg7 5. c3 Nf6 6. e5 Ng4 7. d4 cxd4 8.
cxd4 O-O 9. h3 Nh6 10. d5 Nxe5 11. Nxe5 Bxe5 12. Bxh6 Bxb2 13. Nd2 Bxa1 14.
Qxa1 f6 15. Bxf8 Qxf8 16. Bc4 Kh8 17. Ne4 Qg7 18. d6 e5 19. f4 b6 20. fxe5
fxe5 21. Rf8+ Qxf8 22. Qxe5+ { Black resigns } 1-0

[Event "ICC tourney 2533 (25 5)"]
[Site "Internet Chess Club"]
[Date "2021.04.25"]
[Round "8"]
[White "N REDDY, AARUSH:K09-16740913"]
[Black "BAKER, JOSIAH:K09-16269917"]
[Result "1-0"]
[ICCResult "Black checkmated"]
[WhiteElo "734"]
[BlackElo "348"]
[Opening "Philidor's defense"]
[ECO "C41"]
[NIC "KP.10"]
[Time "17:03:50"]
[PlyCount "33"]
[TimeControl "1500+5"]

1. e4 e5 2. Nf3 d6 3. Nc3 Be6 4. d3 Be7 5. Be3 Nf6 6. Be2 O-O 7. O-O Nc6 8.
Qd2 Nb4 9. a3 Nc6 10. b4 Qd7 11. d4 exd4 12. Nxd4 Nxd4 13. Bxd4 Ne8 14. Qe3
Rd8 15. Qg3 Nf6 16. Nd5 Nxd5 17. Qxg7# { Black checkmated } 1-0

[Event "ICC tourney 2533 (25 5)"]
[Site "Internet Chess Club"]
[Date "2021.04.25"]
[Round "8"]
[White "MUTHUKUMARAN, ARJUN:K09-30018527"]
[Black "LEYTE VIDAL, BRANDON:K09-17196870"]
[Result "1-0"]
[ICCResult "Black checkmated"]
[WhiteElo "914"]
[BlackElo "430"]
[Opening "Queen's pawn, Mason variation"]
[ECO "D00"]
[NIC "QP.08"]
[Time "17:00:53"]
[PlyCount "77"]
[TimeControl "1500+5"]

1. d4 d5 2. Bf4 Bf5 3. e3 Nc6 4. Bd3 Bxd3 5. Qxd3 Nf6 6. Nf3 e6 7. c3 Ne4
8. Nbd2 Nxd2 9. Qxd2 Bd6 10. Bg3 Bxg3 11. hxg3 Qf6 12. O-O O-O 13. Rfe1
Rad8 14. e4 dxe4 15. Rxe4 Qf5 16. Rf4 Qd5 17. Rh4 Qf5 18. Re1 Na5 19. b3 c5
20. Kh2 cxd4 21. cxd4 Nc6 22. Ree4 Rd6 23. Qe3 Re8 24. Ref4 Qb1 25. Rfg4
Nb4 26. Qh6 Kf8 27. Qxg7+ Ke7 28. Rxh7 Rf8 29. Ne5 Qf5 30. Rf4 Qxf4 31.
gxf4 Rxd4 32. Ng6+ Ke8 33. Qxf8+ Kd7 34. Rxf7+ Kc6 35. Qc8+ Kb5 36. Rxb7+
Ka6 37. Rxb4+ Ka5 38. Qc5+ Ka6 39. Qb5# { Black checkmated } 1-0

[Event "ICC tourney 2533 (25 5)"]
[Site "Internet Chess Club"]
[Date "2021.04.25"]
[Round "8"]
[White "KINI, SIDDHARTH:K09-15628986"]
[Black "SUN, YIYI:K09-16380808"]
[Result "1-0"]
[ICCResult "Black checkmated"]
[WhiteElo "683"]
[BlackElo "1133"]
[Opening "Vienna gambit"]
[ECO "C29"]
[NIC "VG.04"]
[Time "17:03:16"]
[PlyCount "67"]
[TimeControl "1500+5"]

1. e4 e5 2. Nc3 Nf6 3. f4 exf4 4. e5 Ng8 5. Nf3 f6 6. d4 Nc6 7. Bxf4 Bb4 8.
Bd2 fxe5 9. dxe5 Nge7 10. a3 Ba5 11. Bd3 O-O 12. O-O Bxc3 13. Bxc3 Nd5 14.
Bc4 Kh8 15. Bxd5 Ne7 16. Bb3 c5 17. Ba2 Qb6 18. Kh1 Ng6 19. Qd6 Qb5 20. Nd2
Rg8 21. Bc4 Qb6 22. Qxb6 axb6 23. Bxg8 Kxg8 24. b4 d6 25. exd6 cxb4 26.
Bxb4 Be6 27. Ne4 Rc8 28. c3 Rc4 29. Ng5 Bd7 30. Rf7 Bc6 31. d7 Bxd7 32.
Rxd7 h6 33. Rd8+ Nf8 34. Rxf8# { Black checkmated } 1-0

[Event "ICC tourney 2533 (25 5)"]
[Site "Internet Chess Club"]
[Date "2021.04.25"]
[Round "8"]
[White "KURIAN ABHILASH, ALEN:K09-17188617"]
[Black "K STAGE, HARRISON:K09-16011274"]
[Result "1/2-1/2"]
[ICCResult "Game drawn by repetition"]
[WhiteElo "1040"]
[BlackElo "1427"]
[Opening "Petrov three knights game"]
[ECO "C42"]
[NIC "RG.01"]
[Time "17:01:26"]
[PlyCount "67"]
[TimeControl "1500+5"]

1. e4 e5 2. Nf3 Nf6 3. Nc3 Bb4 4. Bc4 Bxc3 5. dxc3 Nxe4 6. Qd5 Nd6 7. Qxe5+
Qe7 8. Qxe7+ Kxe7 9. O-O Nxc4 10. Re1+ Kf8 11. Bg5 Nc6 12. b3 Nd6 13. Nd4
Nxd4 14. cxd4 f6 15. Bf4 b6 16. Bxd6+ cxd6 17. Re3 Bb7 18. Rae1 Bc6 19. Re7
g6 20. c4 d5 21. cxd5 Bb5 22. a4 Bd3 23. Rxd7 Re8 24. Rc1 Bc2 25. h3 Bxb3
26. Rcc7 Ra8 27. Rf7+ Ke8 28. Rfe7+ Kd8 29. Red7+ Ke8 30. Re7+ Kf8 31. Rf7+
Kg8 32. Rg7+ Kf8 33. Rgf7+ Ke8 34. Rfe7+ { Game drawn by repetition }
1/2-1/2